 Dungeon Crawl Stone Soup version 0.28-a0-863-g8cecda6153 (webtiles) character file.

Game seed: 13700307516089637341

1761776 jr88keys the Conqueror (level 27, 106/218 HPs)
             Began as a Minotaur Fighter on Nov 15, 2021.
             Was a High Priest of Okawaru.
             Escaped with the Orb
             ... and 3 runes on Nov 18, 2021!
             The game lasted 03:15:04 (64399 turns).

jr88keys the Conqueror (Minotaur Fighter)          Turns: 64399, Time: 03:15:05

Health: 106/218    AC: 54    Str: 29 (30) XL:     27
Magic:  22/22      EV: 24    Int:  5 (6)  God:    Okawaru [*****.]
Gold:   9719       SH: 34    Dex: 22 (24) Spells: 26/26 levels left

rFire   + . .      SeeInvis +   a - +3 demon whip (vamp)
rCold   + . .      Faith    +   h - +8 tower shield {rPois}
rNeg    + + .      Spirit   .   f - +12 crystal plate armour of the Bulwark {rElec}
rPois   +          Reflect  .   r - +1 hat {SInv}
rElec   +          Harm     .   u - +1 cloak of Eternal Night {rPois rCorr Int+3 Dex+2}
rCorr   +          Rampage  +   P - +2 pair of gloves {archery}
Will    +....      Rage     1%  i - +1 pair of boots {rampage}
Stlth   ..........              M - amulet of faith
HPRegen 0.46/turn               k - ring of Xuafruo {Fly rPois rF+ rC+ MP-9}
MPRegen 0.18/turn               q - ring "Cosuxouf" {rN++ Will- Str+6 Dex+6}

@: flying
A: horns 2, retaliatory headbutt, hooves 1, berserk 1, clumsy 1, deterioration
1, dopey 1, frail 2, poison resistance, weak 1, inability to read while
threatened
0: Orb of Zot
}: 3/15 runes: decaying, serpentine, silver
a: Renounce Religion, Heroism, Finesse, Duel


You escaped.
You worshipped Okawaru.
Okawaru was extremely pleased with you.
You visited 8 branches of the dungeon, and saw 45 of its levels.
You visited the Abyss 3 times.
You visited 1 bazaar.
You visited 1 ziggurat, and saw 7 of its levels.
You also visited: Sewer and Bailey.

You collected 9719 gold pieces.

Inventory:

Hand Weapons
 a - a +3 vampiric demon whip (weapon)
 b - a +2 eveningstar of holy wrath
 A - a +3 demon whip
 G - a +1 demon whip of flaming
 L - a +0 demon whip of flaming
 Q - a +1 eveningstar of draining
Missiles
 g - 3 throwing nets (quivered)
Armour
 f - the +12 crystal plate armour of the Bulwark (worn) {rElec}
   (You acquired it on level 3 of the Realm of Zot)

   rElec:     It insulates you from electricity.
 h - a +8 tower shield of poison resistance (worn)
 i - a +1 pair of boots of rampaging (worn)
 r - a +1 hat of see invisible (worn)
 u - the +1 cloak of Eternal Night (worn) {rPois rCorr Int+3 Dex+2}
   (You found it on level 6 of the Dungeon)

   Int:       It affects your intelligence (+3).
   Dex:       It affects your dexterity (+2).
   rPois:     It protects you from poison.
   rCorr:     It protects you from acid and corrosion.
 D - +2 gold dragon scales
 P - a +2 pair of gloves of archery (worn)
Jewellery
 k - the ring of Xuafruo (left hand) {Fly rPois rF+ rC+ MP-9}
   (You found it on level 4 of the Realm of Zot)

   [ring of flight]

   rF:        It protects you from fire.
   rC:        It protects you from cold.
   rPois:     It protects you from poison.
   MP:        It affects your magic capacity (-9).
   Fly:       It grants you flight.
 q - the ring "Cosuxouf" (right hand) {rN++ Will- Str+6 Dex+6}
   (You found it on level 8 of the Dungeon)

   [ring of dexterity]

   Str:       It affects your strength (+6).
   Dex:       It affects your dexterity (+6).
   rN:        It greatly protects you from negative energy.
   Will:      It decreases your willpower.
 M - an amulet of faith (around neck)
 O - the ring of Vadaruyx {Will+ EV+4}
   (You found it on level 11 of the Dungeon)

   [ring of evasion]

   EV:        It affects your evasion (+4).
   Will:      It increases your willpower.
Wands
 n - a wand of mindburst (18)
 p - a wand of paralysis (24)
 v - a wand of acid (43)
 y - a wand of polymorph (36)
 z - a wand of iceblast (42)
Scrolls
 c - 35 scrolls of identify
 j - 3 scrolls of magic mapping
 m - 8 scrolls of fear
 x - 4 scrolls of immolation
 B - 14 scrolls of teleportation
 F - a scroll of enchant armour
 K - 12 scrolls of fog
 N - 2 scrolls of silence
Potions
 d - 16 potions of curing
 e - 15 potions of lignification
 l - 3 potions of cancellation
 o - 9 potions of might
 s - 2 potions of resistance
 t - 8 potions of flight
 w - 6 potions of mutation
 C - 4 potions of ambrosia
 E - 2 potions of haste
 H - 4 potions of invisibility
 I - 2 potions of heal wounds
 R - 3 potions of berserk rage


   Skills:
 O Level 27 Fighting
 - Level 16.0 Maces & Flails
 O Level 27 Armour
 O Level 27 Dodging
 - Level 25.0 Shields
 - Level 12.0 Invocations
 + Level 10.0 Evocations


You had 26 spell levels left.
You didn't know any spells.
Your spell library was empty.

Dungeon Overview and Level Annotations

Branches:
Dungeon (15/15)            Temple (0/1) D:6            Lair (6/6) D:8
  Swamp (4/4) Lair:3        Snake (4/4) Lair:3        Slime (0/5) Lair:5
    Orc (2/2) D:12            Elf (0/3) Orc:2        Vaults (5/5) D:14
  Crypt (0/3) Vaults:3     Depths (4/4) D:15            Zot (5/5) Depths:4
  Sewer (visited)          Bailey (visited)

Altars:
Ashenzari
Dithmenos
Fedhas
Gozag
Kikubaaqudgha
Makhleb
Okawaru
Qazlal
Ru
Sif Muna
Trog
Uskayaw
Vehumet
Xom
Yredelemnul
The Shining One
Beogh
Jiyva

Shops:
Orc:2 **((   Snake:1 =:=   Snake:3 **   Snake:4 *   Depths:1 *

Portals:
Hell: Depths:1 Depths:2 Depths:3 Depths:4
Abyss: Depths:2 Depths:4*
Pandemonium: Depths:2 Depths:3 Depths:4
Trove: Depths:1 (give 5 potions of resistance)

Annotations:
Vaults:1 exclusion: orange crystal statue
Vaults:4 3 runed translucent doors, oldriver's ghost, master DjAE
Depths:1 exclusion: 2 doors
Depths:2 2 transporters, Hasuug's ghost, adept HaHu


Innate Abilities, Weirdness & Mutations

You have a pair of horns on your head.
You reflexively headbutt those who attack you in melee.
You have large cloven feet.
You tend to lose your temper in combat.
You are clumsy. (Dex -2)
Your body sometimes deteriorates upon taking damage.
You are dopey. (Int -2)
You are very frail. (-20% HP)
Your system is resistant to poisons. (rPois)
You are weak. (Str -2)
You sometimes lose the ability to read scrolls when taking damage.


Message History

There is a stone staircase leading down here.
(D) Dungeon (T) Temple (L) Lair (S) Swamp (P) Snake Pit (M) Slime Pits (O) Orcish Mines (E) Elven Halls (V) Vaults (C) Crypt (U) Depths (H) Hell (Z) Zot
Where to? (Enter - D:1 @ (x,y), ? - help)
You feel yourself slow down.
A rust devil comes into view.
A green death comes into view.
The green death roars!
The green death gestures at you.
The bolt of poison hits you but does no damage.
You resist.
A tormentor comes into view.
The tormentor moves out of view.
There is a stone staircase leading up here.
You fly upwards.
There is a stone staircase leading down here.
(D) Dungeon (T) Temple (L) Lair (S) Swamp (P) Snake Pit (M) Slime Pits (O) Orcish Mines (E) Elven Halls (V) Vaults (C) Crypt (U) Depths (H) Hell (Z) Zot
Where to? (Enter - D:1 @ (x,y), ? - help)
You see here a +0 robe.
A Hell Sentinel comes into view.
The Hell Sentinel moves out of view.
You feel yourself speed up.
You see here a +0 club.
A shadow demon comes into view.
There is a stone staircase leading up here.
You fly upwards.
There is a stone staircase leading down here.
Your extra speed is starting to run out.
You feel yourself slow down.
There is an open gate here.
There is an open door here.
There is an open door here.
There is an open door here.
There is a staircase leading out of the dungeon here.
You have escaped!

.....## ....## .....######
..........#########
..................#
........#######################
........#♣....'...#...........#
#.......##'####...#########..##
........#♣.♣♣♣#.@.# ##.##
#.......#♣♣..♣#...# ###..#
#.......# ♣♣♣.#...######...##
........#####'#####......###
........#.........#.####...#
........#.........#........#
....[...#.........#.####...#
........#≈)......≈#.##.....#
........#§.§...≈.≈#.##.#####


There were no monsters in sight!

Vanquished Creatures
  3 dread liches
  2 ancient liches
  7 orbs of fire
  Mara (Arena)
  4 Killer Klowns
  3 curse toes
  the Lernaean hydra (Arena)
  Vashnia (Arena)
  Xtahua (Arena)
  the Enchantress (Depths:1)
  14 golden dragons
  Nikola (Arena)
  4 electric golems
  2 Tzitzimimeh
  2 bone dragons (Abyss:3)
  Jorgrun (Arena)
  24 Orb Guardians
  Rupert (D:13)
  16 tentacled monstrosities
  A Hell Sentinel (Zot:1)
  2 liches
  4 titans (Vaults:5)
  9 quicksilver dragons
  4 sphinxes
  10 death cobs
  4 Executioners
  Frances (Snake:1)
  7 tengu reavers
  Kirke (Snake:4)
  Roxanne (D:15)
  5 tentacled starspawn
  21 storm dragons
  A thorn hunter (Swamp:1)
  6 draconian knights
  11 shadow dragons
  18 nagarajas
  4 draconian monks
  3 fenstrider witches
  2 deep elf sorcerers
  22 vault wardens
  7 frost giants
  3 iron dragons
  8 fire giants
  Aizul (Arena)
  A balrug (Abyss:3)
  7 draconian shifters
  2 ghost moths
  Louise (Snake:4)
  A caustic shrike zombie (Depths:2)
  5 draconian scorchers
  14 ironbound preservers
  6 draconian annihilators
  A deep elf elementalist (Zig:5)
  30 very ugly things
  4 draconian stormcallers
  13 stone giants
  2 ghouls (Swamp:3)
  4 war gargoyles
  3 spriggan defenders
  2 deep elf demonologists
  2 vampire knights (Depths:3)
  12 black draconians
  11 green draconians
  Nessos (D:12)
  15 purple draconians
  7 spark wasps
  Azrael (Arena)
  2 entropy weavers
  3 lorocyprocas
  14 white draconians
  9 red draconians
  4 deep elf annihilators
  22 dire elephants
  17 yellow draconians
  2 pale draconians (Depths:4)
  Snorg (Orc:2)
  11 ettins
  6 bunyips
  A blizzard demon (Zot:5)
  4 green deaths
  13 fire dragons
  7 eleionomae
  2 crystal guardians
  2 shambling mangroves (Swamp:3)
  2 jiangshi (Depths:3)
  13 yaktaur captains
  4 deep elf high priests (Vaults:5)
  10 ironbound thunderhulks
  4 boulder beetles
  3 peacekeepers
  30 hydras
  34 vault guards
  Erolcha (D:10)
  6 ice dragons
  2 rakshasas
  3 ghost crabs
  18 naga warriors
  3 catoblepae
  4 salamander tyrants
  7 great orbs of eyes
  An ogre mage (Vaults:3)
  9 ironbound frosthearts
  2 death knights (D:15)
  4 spriggan air magi
  15 alligators
  8 centaur warriors
  2 anacondas (Snake:2)
  2 dancing weapons (D:14)
  8 two-headed ogres
  11 death yaks
  A titan zombie (Vaults:3)
  23 naga sharpshooters
  4 spriggan berserkers
  10 deep troll earth magi
  18 deep troll shamans
  3 tengu warriors
  2 vampire magi
  7 orc high priests
  7 hell knights
  Urug (D:12)
  5 thrashing horrors (Abyss:3)
  A deep elf knight (Zig:5)
  4 soul eaters
  10 shock serpents
  A salamander mystic (Snake:1)
  4 wretched stars
  13 skeletal warriors
  3 sun demons (Depths:1)
  A shadow wraith (Abyss:3)
  A sixfirhy (Abyss:3)
  14 iron trolls
  5 spatial maelstroms
  9 swamp dragons
  A cherub (Depths:3)
  2 naga ritualists (Snake:4)
  4 spriggan druids
  A deep troll (shapeshifter) (Vaults:5)
  7 goliath frogs
  7 flayed ghosts
  68 deep trolls
  18 large abominations
  13 bog bodies
  A glowing orange brain (shapeshifter) (Vaults:3)
  18 wizards
  Pikel (D:4)
  22 ironbound convokers
  3 glowing orange brains
  10 harpies
  6 phantasmal warriors
  A sphinx zombie (Vaults:3)
  17 lindwurms
  2 deep elf pyromancers
  8 necromancers
  4 orc knights (Orc:2)
  A mana viper (Snake:4)
  A deep elf zephyrmancer (Zig:5)
  A shadow dragon skeleton (Depths:2)
  8 orc sorcerers
  4 manticores
  An orb spider (shapeshifter) (D:15)
  A fire giant zombie (Vaults:3)
  A human zombie (Vaults:3)
  4 will-o-the-wisps
  2 cyclopes
  32 moths of wrath
  65 ugly things
  32 slime creatures
  A worldbinder (Abyss:3)
  17 salamanders
  49 elephants
  Maurice (D:12)
  A salamander (shapeshifter) (Vaults:5)
  6 guardian serpents
  A rust devil (Depths:3)
  14 vault sentinels
  22 black mambas
  3 apocalypse crabs (Abyss:3)
  11 naga magi
  2 elephants (shapeshifter)
  8 smoke demons
  2 orange demons
  2 torpor snails
  An unseen horror (Abyss:3)
  4 cane toads
  4 rime drakes
  8 freezing wraiths
  A hellion (Abyss:3)
  An unseen horror (shapeshifter) (D:13)
  Maggie (D:7)
  12 komodo dragons
  37 yaktaurs
  A kobold demonologist (D:7)
  3 efreet
  3 ice devils
  An elf zombie (Vaults:3)
  5 ancient zymes
  4 hellwings
  13 tyrant leeches
  4 jumping spiders
  A silent spectre (Abyss:3)
  A guardian mummy (Depths:1)
  A polar bear (Lair:3)
  A merfolk (shapeshifter) (Vaults:5)
  A yaktaur skeleton (Vaults:3)
  8 trolls
  22 blink frogs
  A hornet (shapeshifter) (D:8)
  9 hornets
  2 bloated husks
  10 raiju
  A fire giant simulacrum (Depths:2)
  11 dream sheep
  3 flying skulls (Abyss:3)
  A centaur simulacrum (D:15)
  A tarantella (Vaults:4)
  10 spriggans
  A shadow (Abyss:2)
  43 yaks
  2 vampires (D:12)
  A redback (shapeshifter) (Vaults:5)
  3 redbacks
  5 water elementals (Depths:3)
  A tarantella (shapeshifter) (D:13)
  3 wyverns
  6 ynoxinuls
  3 humans
  5 golden eyes (Abyss:3)
  2 wraiths (D:15)
  A basilisk (shapeshifter) (D:14)
  Grum (D:10)
  3 fire elementals (Snake:1)
  9 vampire mosquitoes
  2 basilisks (D:14)
  4 chaos spawn
  2 hogs (Snake:4)
  11 neqoxecs
  3 steam dragons (Depths:4)
  Menkaure (D:7)
  2 spatial vortices (Abyss:3)
  11 swamp worms
  36 nagas
  9 acid dragons
  An ogre zombie (Vaults:3)
  11 water moccasins
  A floating eye (shapeshifter) (Vaults:2)
  4 hell hounds (Snake:1)
  A floating eye (Depths:1)
  7 swamp drakes (Swamp:4)
  3 sky beasts
  37 orc warriors
  An ice beast (D:7)
  3 black bears
  7 boggarts (Vaults:2)
  4 necrophages
  14 centaurs
  22 wolves
  12 ogres
  4 lemures (D:4)
  A phantom (D:5)
  6 kobold brigands
  A gnoll sergeant (D:12)
  15 bullfrogs
  4 scorpions
  Blork the orc (D:5)
  12 small abominations
  10 killer bees
  11 wights
  5 howler monkeys (D:7)
  2 electric eels (Lair:1)
  5 lava snakes (Lair:1)
  2 bullfrog zombies
  3 jellies
  A quasit (Abyss:3)
  An iron imp (Abyss:3)
  10 orc priests
  5 hounds
  4 bullfrog skeletons
  3 centaur zombies
  4 iguanas
  2 centaur skeletons
  A scorpion zombie (D:5)
  20 orc wizards
  2 hell rats (D:8)
  A killer bee zombie (D:7)
  A howler monkey skeleton (D:4)
  5 adders
  9 gnolls
  4 river rats
  A shadow imp (D:7)
  2 white imps
  An ufetubus (D:4)
  An adder skeleton (D:4)
  2 worms
  72 orcs
  7 ball pythons
  4 endoplasms
  7 giant cockroaches
  12 goblins
  9 hobgoblins
  3 jackals (D:3)
  23 kobolds
  5 quokkas
  5 bats
  9 frilled lizards
  13 rats
  A butterfly (D:6)
  7 starspawn tentacles
2194 creatures vanquished.

Vanquished Creatures (others)
  An orb of fire (Zot:5)
  2 Orb Guardians (Zot:5)
  2 draconian knights (Zot:5)
  A draconian stormcaller (Zot:1)
  A spriggan air mage (Depths:1)
  A centaur warrior (Vaults:2)
  A deep troll shaman (Depths:1)
  A deep elf knight (Zig:5)
  3 bloated husks
  A ynoxinul (Depths:4)
  A swamp drake (Swamp:4)
  An orc warrior (Orc:2)
  A boggart (Vaults:2)
  An orc wizard (D:9)
  13 foxfires
  40 fungi
  64 plants
  20 starspawn tentacles
155 creatures vanquished.

Grand Total: 2349 creatures vanquished

Notes
Turn   | Place    | Note
-------+----------+-------------------------------------------
     0 | D:1      | jr88keys the Minotaur Fighter began the quest for the Orb.
     0 | D:1      | Reached XP level 1. HP: 19/19 MP: 0/0
   164 | D:1      | Reached XP level 2. HP: 27/27 MP: 1/1
   464 | D:1      | Found a faded altar of an unknown god.
   648 | D:2      | Reached XP level 3. HP: 33/33 MP: 2/2
  1760 | D:3      | Found a broken altar of Ashenzari.
  1785 | D:3      | Reached XP level 4. HP: 40/40 MP: 3/3
  2115 | D:3      | Found an iron altar of Okawaru.
  2136 | D:3      | Became a worshipper of Warmaster Okawaru
  2262 | D:4      | Found a sacrificial altar of Ru.
  2322 | D:4      | Reached XP level 5. HP: 47/47 MP: 4/4
  2325 | D:4      | Reached skill level 5 in Shields
  2455 | D:4      | Noticed a lemure
  2476 | D:4      | Killed a lemure
  2518 | D:4      | Noticed a lemure
  2518 | D:4      | Noticed Pikel
  2518 | D:4      | Noticed a lemure
  2546 | D:4      | Killed a lemure
  2557 | D:4      | Killed a lemure
  2669 | D:4      | Noticed a lemure
  2697 | D:4      | Killed a lemure
  2702 | D:4      | Killed Pikel
  2702 | D:4      | Reached * piety under Okawaru
  2703 | D:4      | Reached skill level 5 in Fighting
  2703 | D:4      | Reached skill level 5 in Maces & Flails
  2703 | D:4      | Reached skill level 5 in Armour
  2703 | D:4      | Reached XP level 6. HP: 25/56 MP: 4/6
  2703 | D:4      | Reached XP level 7. HP: 27/61 MP: 4/7
  2969 | D:5      | Entered Level 5 of the Dungeon
  2971 | D:5      | Found a runed translucent door.
  2971 | D:5      | Noticed a human
  2996 | D:5      | Found a glowing drain.
  3030 | Sewer    | Entered a sewer
  3340 | D:5      | Found a shadowy altar of Dithmenos.
  3369 | D:5      | Noticed Blork the orc
  3381 | D:5      | Killed Blork the orc
  3421 | D:5      | Reached XP level 8. HP: 69/69 MP: 7/9
  3463 | D:5      | Identified the ring of Egun {Wiz Will- Str-5 Int+3 Dex+7}
  3548 | D:5      | Found a basalt altar of Yredelemnul.
  3661 | D:5      | Reached ** piety under Okawaru
  3811 | D:5      | Identified a scroll of acquirement
  3811 | D:5      | Acquired 379 gold pieces
  3823 | D:6      | Found a staircase to the Ecumenical Temple.
  4053 | D:6      | Found a burning altar of Makhleb.
  4053 | D:6      | Noticed an Executioner
  4160 | D:6      | Identified the +1 cloak of Eternal Night {rPois rCorr Int+3
                  | Dex+2}
  4352 | D:7      | Reached *** piety under Okawaru
  4353 | D:7      | Reached XP level 9. HP: 72/78 MP: 10/10
  4359 | D:7      | Found a flagged portal.
  4370 | Bailey   | Entered a bailey
  5016 | Bailey   | Reached **** piety under Okawaru
  5256 | Bailey   | Acquired a +2 tower shield of poison resistance
  5736 | D:7      | Found a large runed translucent door.
  5736 | D:7      | Found a large runed translucent door.
  5760 | D:7      | Identified the +7 great sword of Intimidation {vorpal,
                  | +Blink Int+5 Dex+3}
  5760 | D:7      | Noticed a two-headed ogre
  5772 | D:7      | Killed a two-headed ogre
  5773 | D:7      | Reached skill level 10 in Shields
  5773 | D:7      | Reached XP level 10. HP: 86/86 MP: 10/12
  5927 | D:7      | Found a large runed translucent door.
  5927 | D:7      | Found a large runed translucent door.
  5969 | D:7      | Noticed Maggie
  5984 | D:7      | Killed Maggie
  5985 | D:7      | Reached skill level 5 in Invocations
  6035 | D:7      | Noticed a two-headed ogre
  6059 | D:7      | Killed a two-headed ogre
  6059 | D:7      | Received a gift from Okawaru
  6060 | D:7      | Reached skill level 10 in Maces & Flails
  6125 | D:7      | Acquired a +1 pair of boots of rampaging
  6132 | D:7      | Acquired a manual of Shields
  6506 | D:7      | Found a hide-covered altar of Uskayaw.
  6608 | D:7      | Reached ***** piety under Okawaru
  6638 | D:7      | Noticed Menkaure
  6643 | D:7      | Killed Menkaure
  7195 | D:8      | Noticed a death yak
  7213 | D:8      | Noticed a death yak
  7226 | D:8      | Noticed a death yak
  7232 | D:8      | Killed a death yak
  7244 | D:8      | Killed a death yak
  7257 | D:8      | Killed a death yak
  7257 | D:8      | Identified the +1 plate armour "Fasm" {*Corrode rN++ Dex+9}
                  | (Okawaru gifted it to you on level 8 of the Dungeon)
  7257 | D:8      | Received a gift from Okawaru
  7258 | D:8      | Reached XP level 11. HP: 73/95 MP: 10/14
  7334 | D:8      | Found a staircase to the Lair.
  7505 | D:8      | Noticed a cyan ugly thing
  7505 | D:8      | Noticed a tengu warrior
  7535 | D:8      | Killed a tengu warrior
  7555 | D:8      | Killed a cyan ugly thing
  7607 | D:8      | Noticed a two-headed ogre
  7623 | D:8      | Killed a two-headed ogre
  7678 | D:8      | Identified the ring "Cosuxouf" {rN++ Will- Str+6 Dex+6}
  7682 | D:8      | Identified the ring of Interdependent Arising {+Blink AC+4
                  | Int-4 Dex+5}
  7821 | D:8      | Found an opulent altar of Gozag.
  8402 | D:8      | Found a glowing golden altar of the Shining One.
  8591 | D:9      | Noticed a brown ugly thing
  8606 | D:9      | Killed a brown ugly thing
  8766 | D:9      | Identified the +11 glaive "Vamm" {speed, rPois rC+ Str+7
                  | Int-5}
  8982 | D:10     | Entered Level 10 of the Dungeon
  9000 | D:10     | Noticed Grum
  9000 | D:10     | Noticed a two-headed ogre
  9031 | D:10     | Killed Grum
  9034 | D:10     | Killed a two-headed ogre
  9115 | D:10     | Found a shimmering altar of Xom.
  9125 | D:10     | Found a radiant altar of Vehumet.
  9127 | D:10     | Found a blossoming altar of Fedhas.
  9128 | D:10     | Found a bloodstained altar of Trog.
  9246 | D:10     | Noticed Erolcha
  9264 | D:10     | Killed Erolcha
  9265 | D:10     | Reached skill level 15 in Shields
  9364 | D:10     | Reached XP level 12. HP: 106/106 MP: 16/16
  9623 | Lair:1   | Entered Level 1 of the Lair of Beasts
  9653 | Lair:1   | Reached skill level 10 in Fighting
  9669 | Lair:1   | Reached skill level 10 in Armour
  9771 | Lair:1   | Reached skill level 1 in Dodging
  9924 | Lair:1   | Noticed a six-headed hydra
  9935 | Lair:1   | Killed a six-headed hydra
 10089 | Lair:1   | Identified the +6 morningstar of Responsibility {vorpal,
                  | rC+} (Okawaru gifted it to you on level 1 of the Lair of
                  | Beasts)
 10089 | Lair:1   | Received a gift from Okawaru
 10509 | Lair:2   | Noticed a catoblepas
 10531 | Lair:2   | Killed a catoblepas
 10580 | Lair:2   | You fall into a shaft and drop 2 floors!
 11133 | Lair:2   | Noticed a death yak
 11145 | Lair:2   | Noticed a death yak
 11148 | Lair:2   | Killed a death yak
 11148 | Lair:2   | Noticed a death yak
 11148 | Lair:2   | Noticed a death yak
 11158 | Lair:2   | Killed a death yak
 11159 | Lair:2   | Reached XP level 13. HP: 102/113 MP: 18/18
 11408 | Lair:3   | Identified the +6 chain mail of Vyur Upusmo {rElec rPois
                  | rC+} (Okawaru gifted it to you on level 3 of the Lair of
                  | Beasts)
 11408 | Lair:3   | Received a gift from Okawaru
 11589 | Lair:3   | Found a staircase to the Swamp.
 11718 | Lair:3   | Reached skill level 5 in Dodging
 11738 | Lair:3   | Found a staircase to the Snake Pit.
 11831 | Lair:3   | Reached skill level 15 in Maces & Flails
 12867 | Lair:5   | Reached ****** piety under Okawaru
 12905 | Lair:5   | Received a gift from Okawaru
 12925 | Lair:5   | Found a viscous altar of Jiyva.
 12925 | Lair:5   | Found a staircase to the Slime Pits.
 13217 | Lair:5   | Reached XP level 14. HP: 121/121 MP: 20/20
 13546 | Lair:5   | Found a stormy altar of Qazlal.
 13748 | Lair:6   | Entered Level 6 of the Lair of Beasts
 13763 | Lair:5   | Received a gift from Okawaru
 14078 | Lair:6   | Reached skill level 10 in Invocations
 14390 | Lair:6   | Identified the +0 plate armour "Cav Esoric" {Str+3}
                  | (Okawaru gifted it to you on level 6 of the Lair of Beasts)
 14390 | Lair:6   | Received a gift from Okawaru
 15332 | D:11     | Found a transporter.
 15557 | D:11     | Found the +6 lightning scales {swift, rElec}
 15690 | D:11     | Found a transporter.
 16275 | D:12     | Noticed Maurice
 16292 | D:12     | Killed Maurice
 16350 | D:12     | Noticed Nessos
 16358 | D:12     | Killed Nessos
 16360 | D:12     | Noticed Urug
 16366 | D:12     | Killed Urug
 16456 | D:12     | Found a staircase to the Orcish Mines.
 16459 | D:12     | Reached XP level 15. HP: 121/132 MP: 21/21
 16743 | D:13     | Received a gift from Okawaru
 17208 | D:13     | Noticed Rupert
 17217 | D:13     | Killed Rupert
 17685 | D:14     | Received a gift from Okawaru
 17698 | D:14     | Found a gate to the Vaults.
 18275 | D:15     | Entered Level 15 of the Dungeon
 18275 | D:15     | Identified Roxanne's Grimoire of Transformation
 18275 | D:15     | Noticed Roxanne
 18297 | D:15     | Killed Roxanne
 18395 | D:15     | Found a staircase to the Depths.
 18767 | D:15     | Identified the +5 scale mail of the Barnacle {Harm rElec
                  | Str+5} (Okawaru gifted it to you on level 15 of the
                  | Dungeon)
 18767 | D:15     | Received a gift from Okawaru
 19265 | D:15     | Reached skill level 10 in Dodging
 19547 | D:11     | Identified the +2 leather armour "Fomicomown" {rF+ rCorr}
 19867 | D:11     | Identified the ring of Vadaruyx {Will+ EV+4}
 19906 | D:11     | Upgraded the game from 0.28-a0-861-ge64d6db94f to
                  | 0.28-a0-863-g8cecda6153
 19927 | Orc:1    | Entered Level 1 of the Orcish Mines
 20148 | Orc:2    | Entered Level 2 of the Orcish Mines
 20228 | Orc:1    | Reached XP level 16. HP: 132/146 MP: 18/22
 20430 | Orc:2    | Paralysed by an orc sorcerer for 6 turns
 20567 | Orc:2    | Noticed Snorg
 20577 | Orc:2    | Killed Snorg
 20694 | Orc:2    | Found Ashoefaw's Weapon Shop.
 20920 | Orc:2    | Found Bupaach's Weapon Shoppe.
 20927 | Orc:2    | Found Oxomn's Assorted Antiques.
 20929 | Orc:2    | Found Doconn's General Store.
 20985 | Orc:2    | Found a staircase to the Elven Halls.
 21549 | Snake:1  | Entered Level 1 of the Snake Pit
 21562 | Snake:1  | Noticed Aizul
 21563 | Arena    | Entered the Arena
 21586 | Arena    | Killed Aizul
 21656 | Snake:1  | Identified the +0 chain mail of Jaxie {rPois Will+ Int-5}
                  | (Okawaru gifted it to you on level 1 of the Snake Pit)
 21656 | Snake:1  | Received a gift from Okawaru
 21734 | Snake:1  | Found Ukon's Jewellery Shop.
 21735 | Snake:1  | Found Xisesaer's Book Shoppe.
 21736 | Snake:1  | Found Imol's Jewellery Shop.
 21789 | Snake:1  | Noticed Frances
 21797 | Snake:1  | Killed Frances
 21914 | Snake:1  | Reached skill level 15 in Fighting
 22249 | Snake:1  | Noticed Azrael
 22253 | Arena    | Entered the Arena
 22258 | Arena    | Killed Azrael
 23257 | Snake:2  | Received a gift from Okawaru
 23958 | Snake:3  | Noticed Jorgrun
 23959 | Arena    | Entered the Arena
 23971 | Arena    | Killed Jorgrun
 24186 | Snake:3  | Found Har Ming's General Store.
 24188 | Snake:3  | Found Leeteurph's Specific Store.
 24516 | Snake:3  | Noticed Nikola
 24520 | Arena    | Entered the Arena
 24533 | Arena    | Killed Nikola
 24665 | Snake:3  | Reached XP level 17. HP: 158/158 MP: 24/24
 25423 | Snake:4  | Entered Level 4 of the Snake Pit
 25757 | Snake:4  | Found Titriv's Overcharged Wands.
 25783 | Snake:4  | Received a gift from Okawaru
 25840 | Snake:4  | Noticed Louise
 25852 | Snake:4  | Killed Louise
 26152 | Snake:4  | Noticed Vashnia
 26158 | Arena    | Entered the Arena
 26184 | Arena    | Killed Vashnia
 26354 | Snake:4  | Identified the +9 hand crossbow "Vacuk" {vorpal, Fragile
                  | rElec rPois Dex+6} (Okawaru gifted it to you on level 4 of
                  | the Snake Pit)
 26354 | Snake:4  | Received a gift from Okawaru
 26801 | Snake:4  | Noticed Kirke
 26836 | Snake:4  | Killed Kirke
 27073 | Snake:4  | Received a gift from Okawaru
 27120 | Snake:4  | Noticed Mara
 27121 | Arena    | Entered the Arena
 27142 | Arena    | Noticed jr88keys's illusion
 27142 | Arena    | Killed Mara
 27470 | Snake:4  | Received a gift from Okawaru
 27515 | Snake:4  | Got a serpentine rune of Zot
 27809 | Swamp:1  | Entered Level 1 of the Swamp
 28148 | Swamp:1  | Reached XP level 18. HP: 148/172 MP: 26/26
 28316 | Swamp:1  | Identified the +8 rapier "Limmirra" {pain, Str+6}
 28559 | Swamp:1  | Identified the +4 dagger of Fate {vorpal, rPois Str-3
                  | Int+2}
 28902 | Swamp:2  | Reached skill level 15 in Armour
 28979 | Swamp:2  | Received a gift from Okawaru
 29599 | Swamp:3  | Received a gift from Okawaru
 30448 | Swamp:4  | Entered Level 4 of the Swamp
 31053 | Swamp:4  | Received a gift from Okawaru
 31123 | Swamp:4  | Noticed the 27-headed Lernaean hydra
 31349 | Arena    | Entered the Arena
 31358 | Arena    | Killed the 27-headed Lernaean hydra
 31398 | Swamp:4  | Got a decaying rune of Zot
 31953 | D:11     | Reached XP level 19. HP: 185/185 MP: 27/27
 32133 | Vaults:1 | Entered Level 1 of the Vaults
 32823 | Vaults:1 | Found the +7 great mace "Firestarter" {inner flame, rF++}
 32913 | Vaults:1 | Received a gift from Okawaru
 33250 | Vaults:1 | Received a gift from Okawaru
 34287 | Vaults:2 | Cast into level 2 of the Abyss (a wizard)
 34352 | Abyss:2  | Found a corrupted altar of Lugonu.
 34403 | Abyss:3  | Received a gift from Okawaru
 34423 | Abyss:3  | Noticed a bone dragon
 34437 | Abyss:3  | Killed a bone dragon
 34589 | Abyss:3  | Paralysed by you for 7 turns
 34741 | Abyss:3  | Found a corrupted altar of Lugonu.
 35175 | Abyss:3  | Gained mutation: You sometimes lose the ability to read
                  | scrolls when taking damage. [a neqoxec]
 35277 | Abyss:3  | Reached XP level 20. HP: 198/198 MP: 28/28
 35281 | Abyss:3  | Gained mutation: You tend to lose your temper in combat. [a
                  | neqoxec]
 35301 | Abyss:3  | Noticed a bone dragon
 35317 | Abyss:3  | Killed a bone dragon
 35322 | Vaults:2 | Escaped the Abyss
 35413 | Vaults:2 | Reached skill level 15 in Dodging
 35435 | Vaults:2 | Received a gift from Okawaru
 35897 | Vaults:2 | Received a gift from Okawaru
 36268 | Vaults:2 | Acquired 623 gold pieces
 36411 | Vaults:2 | Received a gift from Okawaru
 36953 | Vaults:3 | Found a flickering gateway to a bazaar.
 36965 | Bazaar   | Entered a bazaar
 36982 | Bazaar   | Found Fosydd's Jewellery Shop.
 36988 | Bazaar   | Found Gaac's Assorted Antiques.
 36993 | Bazaar   | Found Pena's Book Boutique.
 37006 | Bazaar   | Found Cegoiray's Jewellery Shop.
 37519 | Vaults:3 | You fall into a shaft and drop 1 floor!
 37544 | Vaults:4 | Received a gift from Okawaru
 37607 | Vaults:4 | Reached XP level 21. HP: 209/209 MP: 29/29
 38724 | Vaults:3 | Found a staircase to the Crypt.
 38724 | Vaults:3 | Found an ancient bone altar of Kikubaaqudgha.
 38724 | Vaults:3 | Found a basalt altar of Yredelemnul.
 39162 | Vaults:4 | Received a gift from Okawaru
 39175 | Vaults:4 | Found a runed translucent gate.
 39175 | Vaults:4 | Noticed a dread lich
 39175 | Vaults:4 | Noticed oldriver's ghost (master DjAE)
 39176 | Vaults:4 | Found a runed translucent gate.
 39176 | Vaults:4 | Found a runed translucent gate.
 39270 | Vaults:4 | Killed a dread lich
 39270 | Vaults:4 | Cast into level 2 of the Abyss (a wizard)
 39518 | Abyss:3  | Noticed a dread lich
 39794 | Vaults:4 | Escaped the Abyss
 39868 | Vaults:4 | Identified the +5 flail "Ysmuagg" {freeze, rN+ Int+4}
                  | (Okawaru gifted it to you on level 4 of the Vaults)
 39868 | Vaults:4 | Received a gift from Okawaru
 41086 | D:6      | Lost mutation: You tend to lose your temper in combat.
                  | [potion of mutation]
 41086 | D:6      | Lost mutation: You sometimes lose the ability to read
                  | scrolls when taking damage. [potion of mutation]
 41086 | D:6      | Gained mutation: Your body sometimes deteriorates upon
                  | taking damage. [potion of mutation]
 41086 | D:6      | Gained mutation: You have a pair of large horns on your
                  | head. [potion of mutation]
 41086 | D:6      | Gained mutation: You occasionally shout uncontrollably at
                  | your foes. [potion of mutation]
 41087 | D:6      | Lost mutation: Your body sometimes deteriorates upon taking
                  | damage. [potion of mutation]
 41087 | D:6      | Lost mutation: You occasionally shout uncontrollably at
                  | your foes. [potion of mutation]
 41087 | D:6      | Gained mutation: You are weak. (Str -2) [potion of
                  | mutation]
 41087 | D:6      | Lost mutation: You have a pair of large horns on your head.
                  | [potion of mutation]
 41087 | D:6      | Gained mutation: Your body sometimes deteriorates upon
                  | taking damage. [potion of mutation]
 41087 | D:6      | Gained mutation: Your system is resistant to poisons.
                  | (rPois) [potion of mutation]
 41283 | Depths:1 | Entered Level 1 of the Depths
 41285 | Depths:1 | Found Machun's Fire Supplies.
 41758 | Depths:1 | Found a gateway to Hell.
 41798 | Depths:1 | Received a gift from Okawaru
 41976 | Depths:1 | Reached XP level 22. HP: 128/220 MP: 30/30
 42279 | Depths:1 | Found a portal to a secret trove of treasure.
 42379 | Depths:1 | Found a shimmering blue altar of Sif Muna.
 42825 | Depths:2 | Noticed the Enchantress
 42919 | Depths:1 | Killed the Enchantress
 43459 | Depths:2 | Found a transporter.
 43462 | Depths:2 | Noticed Hasuug's ghost (adept HaHu)
 43787 | Depths:2 | Found a transporter.
 43894 | Depths:2 | Received a gift from Okawaru
 43975 | Depths:2 | Found a one-way gate leading to the halls of Pandemonium.
 44268 | Depths:2 | Found a one-way gate to the infinite horrors of the Abyss.
 44269 | Depths:2 | Identified the ring of Ru's Regard {Fly rPois rC+}
 44559 | Depths:3 | Noticed Xtahua
 44560 | Arena    | Entered the Arena
 44575 | Arena    | Killed Xtahua
 44848 | Depths:3 | Received a gift from Okawaru
 45451 | Depths:3 | Received a gift from Okawaru
 46377 | Depths:4 | Entered Level 4 of the Depths
 46553 | Depths:4 | Found a gateway to a ziggurat.
 46919 | Depths:4 | Reached XP level 23. HP: 232/234 MP: 31/31
 47223 | Depths:4 | Received a gift from Okawaru
 47547 | Depths:4 | Found a gate to the Realm of Zot.
 47864 | Depths:4 | Received a gift from Okawaru
 47941 | Zig:1    | Entered Level 1 of a ziggurat
 47949 | Zig:1    | Identified the +4 flail of Soeveim {vorpal, Dex+5}
 47958 | Zig:2    | Entered Level 2 of a ziggurat
 47988 | Zig:2    | Identified the +3 ring mail of the Will of the Gods {Dex+4}
 47995 | Zig:3    | Entered Level 3 of a ziggurat
 48034 | Zig:4    | Entered Level 4 of a ziggurat
 48077 | Zig:4    | Reached XP level 24. HP: 240/244 MP: 31/31
 48082 | Zig:5    | Entered Level 5 of a ziggurat
 48167 | Zig:5    | Acquired 269 gold pieces
 48168 | Zig:5    | Acquired 966 gold pieces
 48181 | Zig:6    | Entered Level 6 of a ziggurat
 48282 | Zig:7    | Entered Level 7 of a ziggurat
 48289 | Zig:7    | Found the +3 salamander hide armour {Flames rF++ rC--}
 48923 | Vaults:5 | Entered Level 5 of the Vaults
 48953 | Vaults:5 | Received a gift from Okawaru
 49343 | Vaults:5 | Cast into level 2 of the Abyss (a deep elf demonologist)
 49376 | Vaults:5 | Escaped the Abyss
 49390 | Vaults:5 | Received a gift from Okawaru
 49529 | Vaults:5 | Noticed a dread lich
 49531 | Arena    | Entered the Arena
 49538 | Arena    | Killed a dread lich
 49967 | Vaults:5 | Identified the +3 plate armour of the Hippo {SInv Stlth+}
 49971 | Vaults:5 | Got a silver rune of Zot
 50164 | Vaults:5 | Identified the +0 cloak of Unambiguity {rN+++ Will- Str-5
                  | Slay+6}
 50250 | Vaults:5 | Identified the +0 hand crossbow of Indignation {penet,
                  | +Blink MP-9 Int+4}
 50518 | Vaults:5 | Noticed a dread lich
 50533 | Vaults:5 | Killed a dread lich
 50534 | Vaults:5 | Reached XP level 25. HP: 255/255 MP: 25/31
 50781 | Vaults:5 | Identified the +7 chain mail "Eroskett" {rF- rC+ Int+3
                  | Dex+3} (Okawaru gifted it to you on level 5 of the Vaults)
 50781 | Vaults:5 | Received a gift from Okawaru
 50875 | Vaults:5 | Reached skill level 27 in Fighting
 50890 | Vaults:5 | Identified the +0 dagger of Mutilation {flame, Will+ Int+3}
 51429 | Vaults:5 | Identified the +7 long sword of the Owl {vorpal, SInv}
 51444 | Vaults:5 | Identified the +10 hand axe of Emasuh {flame, rF+ rN+ MP+9
                  | Str+4}
 51667 | Vaults:5 | Identified the +8 mace of Righteous Fury {freeze, rCorr
                  | Int+4}
 51671 | Vaults:5 | Identified the +1 chain mail of the Three Defenders {Int+5
                  | Stlth-}
 52183 | Zot:1    | Entered Level 1 of the Realm of Zot
 53455 | Zot:1    | Noticed an ancient lich
 53473 | Zot:1    | Killed an ancient lich
 53485 | Zot:1    | Noticed an orb of fire
 53499 | Zot:1    | Gained mutation: You are frail. (-10% HP) [an orb of fire]
 53502 | Zot:1    | Killed an orb of fire
 53592 | Zot:1    | Identified the +0 pair of gloves "Unkam" {rCorr Dex+6 SInv}
                  | (Okawaru gifted it to you on level 1 of the Realm of Zot)
 53592 | Zot:1    | Received a gift from Okawaru
 53670 | Zot:1    | Noticed a Killer Klown
 53694 | Zot:1    | Killed a Killer Klown
 55734 | Zot:1    | Reached skill level 27 in Armour
 56134 | Zot:2    | Reached XP level 26. HP: 232/239 MP: 31/31
 56227 | Zot:2    | Noticed an orb of fire
 56248 | Zot:2    | Killed an orb of fire
 56459 | Zot:3    | Received a gift from Okawaru
 56990 | Zot:3    | Received a gift from Okawaru
 57139 | Zot:3    | Identified the +7 mace of the Little People {speed, rF++
                  | rC+ Str+4}
 58168 | Zot:3    | Acquired the +12 crystal plate armour of the Bulwark
                  | {rElec}
 59959 | Zot:4    | Identified the ring of Xuafruo {Fly rPois rF+ rC+ MP-9}
 60316 | Zot:5    | Entered Level 5 of the Realm of Zot
 60959 | Zot:5    | Identified the +2 robe of Insecurity {-Tele +Inv Str+6
                  | Int+2} (Okawaru gifted it to you on level 5 of the Realm of
                  | Zot)
 60959 | Zot:5    | Received a gift from Okawaru
 61079 | Zot:5    | Noticed an ancient lich
 61567 | Zot:5    | Killed an ancient lich
 62267 | Zot:5    | Noticed an orb of fire
 62301 | Zot:5    | Lost mutation: Your body sometimes deteriorates upon taking
                  | damage. [an orb of fire]
 62303 | Zot:5    | Killed an orb of fire
 62470 | Zot:5    | Noticed an orb of fire
 62512 | Zot:5    | Gained mutation: You have large cloven feet. [an orb of
                  | fire]
 62514 | Zot:5    | Killed an orb of fire
 62528 | Zot:5    | Reached skill level 27 in Dodging
 62613 | Zot:5    | Reached skill level 5 in Evocations
 62727 | Zot:5    | Noticed an orb of fire
 62731 | Zot:5    | Noticed an orb of fire
 62741 | Zot:5    | Noticed an orb of fire
 62748 | Zot:5    | Noticed an orb of fire
 62751 | Zot:5    | Gained mutation: You are dopey. (Int -2) [an orb of fire]
 62752 | Zot:5    | Gained mutation: You sometimes lose the ability to read
                  | scrolls when taking damage. [an orb of fire]
 62762 | Zot:5    | Killed an orb of fire
 62834 | Zot:5    | Reached XP level 27. HP: 220/245 MP: 22/31
 62979 | Zot:5    | Killed an orb of fire
 63069 | Zot:5    | Gained mutation: Your body sometimes deteriorates upon
                  | taking damage. [an orb of fire]
 63075 | Zot:5    | Gained mutation: You are very frail. (-20% HP) [an orb of
                  | fire]
 63107 | Zot:5    | Killed an orb of fire
 63230 | Zot:5    | Gained mutation: You are clumsy. (Dex -2) [an orb of fire]
 63232 | Zot:5    | Gained mutation: You tend to lose your temper in combat.
                  | [an orb of fire]
 63234 | Zot:5    | Killed an orb of fire
 63582 | Zot:5    | Got the Orb of Zot
 63745 | Zot:1    | Received a gift from Okawaru
 63965 | D:15     | Noticed Ceeja the pandemonium lord
 64059 | D:12     | Noticed Puiteq the pandemonium lord
 64131 | D:9      | Noticed Ceid the pandemonium lord
 64187 | D:7      | Noticed Zuwk the pandemonium lord
 64246 | D:6      | Reached skill level 10 in Evocations
 64399 | D:$      | Escaped with the Orb!

Illustrated notes

Levels and vault maps discovered:
D:1:      scummos_arrival_gate, layout_rooms,
          shapermc_ecumenical_altar_hornbeckon
D:2:      mumra_celtic_spiral_tile, layout_loops_cross
D:3:      layout_loops_cross, okawaru_altar_gauntlet_db,
          nicolae_overflow_crystal_walls
D:4:      layout_rooms, lemuel_crystal_altar, grunt_decor_junction,
          grunt_ministairs_6, mrwooster_statue_mirror, uniq_pikel
D:5:      layout_rooms, dk_yredelemnul_ordeal, grunt_dithmenos_smoke,
          gup_sewer_entry_glass, uniq_blork_the_orc
D:6:      layout_cave_pools, makhleb_altar_promises_db,
          minmay_temple_entry_butterflies
D:7:      layout_layer_cave, lemuel_doored_altar, enter_bailey_3,
          minmay_misc_feat_plants, minmay_hollow_rounded_squares, uniq_maggie,
          uniq_menkaure
D:8:      layout_basic, grunt_gozag_statues, nicolae_tso_swordbearing_angel,
          dpeg_lair_monsters, grunt_decor_resistance, minivault_5,
          minmay_radiant
D:9:      layout_rooms
D:10:     layout_rooms, minitemple, hive_lemuel, uniq_grum, uniq_erolcha
D:11:     gammafunk_cloud_chamber, layout_grid_maze, billiards_dpeg
D:12:     layout_long_grid, kennysheep_orc_monster_closet_entryway, uniq_nessos,
          uniq_maurice, uniq_urug
D:13:     layout_long_grid, uniq_rupert
D:14:     layout_long_grid, erik_vaults_1, nicolae_wwwww
D:15:     grunt_enter_depths_giant_problem, layout_layer_cave,
          nrook_mini_backslash, minmay_lindwurm_lava, uniq_roxanne
Lair:1:   layout_chaotic_city, nicolae_lair_liquid_snakes, grunt_megastairs_3
Lair:2:   layout_long_grid, serial_bayou_shore_b, grunt_megastairs_5
Lair:3:   layout_concentric_octagons, minmay_swamp_entry_worms,
          minmay_snake_entry_guardpost_medium, chequers_serial_rivers_large_b
Lair:4:   beast_lair_carwin_large_1, layout_loops_ring,
          infiniplex_staircase_pool
Lair:5:   layout_cave_pods, slime_altar_1, basic_altar, lemuel_fruit_fields,
          lemuel_fruit_fields
Lair:6:   grunt_lair_end_beastmaster, layout_loops_ring, grunt_megastairs_1,
          lemuel_fruit_fields
Swamp:1:  layout_basic_swamp, evilmike_swamp_ruin_house_3
Swamp:2:  layout_basic_swamp, nicolae_swamp_tree_designs
Swamp:3:  layout_basic_swamp, evilmike_swamp_ruin_house_6
Swamp:4:  grunt_swamp_rune_castle, layout_basic_swamp
Snake:1:  layout_basic, minmay_shop_grove, uniq_frances, uniq_azrael, uniq_aizul
Snake:2:  layout_rooms, serial_bayou_pond_d
Snake:3:  layout_chambers, nicolae_specific_store, uniq_jorgrun, uniq_nikola
Snake:4:  grunt_snake_rune_spirals, layout_concentric_octagons,
          nicolae_shop_overcharged_wands, uniq_mara, uniq_vashnia, uniq_louise,
          uniq_kirke
Orc:1:    layout_caves
Orc:2:    st_orc_elflike, layout_caves, basic_altar, uniq_snorg
Vaults:1: v_misc_9, v_pattern_2, vaults_mumra_hex, nicolae_vaults_statue_guard,
          hangedman_vaults_nails, grunt_vaults_diagonal,
          nicolae_vaults_three_branches, nicolae_vaults_mini_display_case,
          vaults_dpeg_diagonal, vaults_room_pools, ontoclasm_vaults_ring_small,
          layout_vaults_omnigrid
Vaults:2: nicolae_vaults_network_star, ontoclasm_vaults_ring_square,
          nicolae_vaults_what_the_h, v_misc_28, hangedman_vaults_stitches,
          st_octagons_1, ontoclasm_vaults_gateway, hangedman_vaults_trim,
          vaults_mumra_lcd, ontoclasm_vaults_chip, grunt_vaults_hallway_short,
          vaults_dpeg_encased_lava, layout_vaults_ring
Vaults:3: v_misc_17, nicolae_vaults_big_ls, ontoclasm_vaults_ring_square,
          minmay_crypt_entry_necro_gods, nicolae_vaults_shelves_hall,
          nicolae_vaults_circle_grid_a, v_rooms_2, nicolae_vaults_network_s,
          v_misc_33, layout_vaults_chaotic_city, serial_shops,
          bzr_entry_customers
Vaults:4: gammafunk_ghost_split, nicolae_vaults_border_crossing, v_pattern_1,
          v_misc_8, hangedman_vaults_stream, vaults_dpeg_ring,
          nicolae_vaults_angled_halls, ontoclasm_vaults_twist, v_misc_8,
          hangedman_vaults_stagger, vaults_room_octagon,
          nicolae_vaults_an_arrangement, vaults_room_door_hall,
          layout_vaults_maze_bifur
Vaults:5
Depths:1: layout_basic, serial_bayou_pond_c, hellmouth_2, abyss_entry,
          nicolae_trove_entry_path_of_doom, nicolae_shop_fire_sale
          [nicolae_sub_dead_trees], led_sif_pool
Depths:2: nicolae_cairo_tiling, layout_long_grid, abyss_entry,
          gammafunk_ghost_mausoleum, pan_entry, hellmonk_bongcloud_opening,
          hell_entry, nicolae_concentric_dashed_squares_mild,
          infiniplex_staircase_pillars_1, uniq_enchantress
Depths:3: minmay_thinvault, layout_gridlike, infiniplex_staircase_spiral,
          rand_demon_pan_entry_8, marbit_kobold_abyss_entry, hell_entry,
          serial_bayou_shore_a, firewood_loft, uniq_xtahua
Depths:4: evilmike_zot_entry_gauntlet, layout_cave_pools, enter_ziggurat_b,
          abyss_entry, grunt_hell_entry_dis_mu, serial_column_ruins,
          column_ruins_portal_island, column_ruins_hut_water,
          column_ruins_grid_3, column_ruins_grid_3, column_ruins_grid_1,
          column_ruins_columns_straight, column_ruins_open_medium,
          grunt_pan_entry_spiral
Zot:1:    layout_gridlike, grunt_ministairs_3, hangedman_player_shredder
Zot:2:    layout_gridlike
Zot:3:    layout_basic, skrybe_zot_glass_1
Zot:4:    layout_onion_interference
Zot:5:    layout_twisted_circle

Skill      XL: |  1  2  3  4  5  6  7  8  9 10 11 12 13 14 15 16 17 18 19 20 21 22 23 24 25 26 27 |
---------------+----------------------------------------------------------------------------------+-----
Shields        | 4 6 7 8 10 12 15 17 19 20 21 22 24 25 | 25.0
Maces & Flails | 3 4 5 6 8 9 11 12 14 16 | 16.0
Fighting       | 4 5 6 7 8 9 10 12 14 16 18 20 21 22 23 25 26 27 | 27.0
Armour         | 4 5 6 7 8 9 10 11 12 13 14 16 17 19 20 22 24 27 | 27.0
Invocations    | 2 3 4 6 7 8 9 10 11 12 | 12.0
Dodging        | 4 6 8 10 11 14 17 19 20 21 23 27 | 27.0
Evocations     | 4 7 10 | 10.0

Action                   |  1- 3 |  4- 6 |  7- 9 | 10-12 | 13-15 | 16-18 | 19-21 | 22-24 | 25-27 || total
-------------------------+-------+-------+-------+-------+-------+-------+-------+-------+-------++-------
Melee: Flail             |    89 |   117 |   356 |   608 |       |       |       |       |       ||  1170
       Headbutt          |    12 |    26 |    45 |   224 |   451 |   762 |  1190 |   926 |  1165 ||  4801
       Trident           |       |       |    65 |       |       |       |       |       |       ||    65
       Spear             |       |       |    14 |       |       |       |       |       |       ||    14
       Morningstar       |       |       |       |   122 |   724 |       |       |       |       ||   846
       Demon whip        |       |       |       |       |   387 |  1928 |  2614 |  1967 |  2569 ||  9465
       Great mace        |       |       |       |       |       |       |     6 |       |       ||     6
       Eveningstar       |       |       |       |       |       |       |       |   109 |   112 ||   221
Invok: Heroism           |       |       |     6 |    11 |     8 |    16 |    11 |    13 |    18 ||    83
       Finesse           |       |       |       |    10 |     7 |    16 |    11 |    14 |    17 ||    75
       Duel              |       |       |       |       |       |     7 |       |     2 |       ||     9
Evoke: Wand              |       |       |       |       |       |       |       |     9 |     1 ||    10
  Use: Scroll            |     5 |     1 |    10 |     8 |     8 |     8 |     7 |    13 |    10 ||    70
       Potion            |       |     1 |     9 |       |     8 |     1 |     8 |     7 |    15 ||    49
 Stab: Confused          |       |       |       |       |       |     2 |       |       |     3 ||     5
Armor: Scale mail        |    36 |       |       |       |       |       |       |       |       ||    36
       Chain mail        |    10 |    68 |   144 |       |   252 |   298 |   277 |   169 |       ||  1218
       Plate armour      |       |       |   139 |   195 |     1 |       |       |       |       ||   335
       Gold dragon scale |       |       |       |       |       |       |       |    25 |   275 ||   300
       Crystal plate arm |       |       |       |       |       |       |       |       |   186 ||   186
Dodge: Dodged            |    46 |    46 |   210 |    79 |   230 |   481 |   590 |   573 |   872 ||  3127
Block: Buckler           |    19 |    27 |   112 |       |       |       |       |       |       ||   158
       Tower shield      |       |       |   128 |   624 |  1116 |  1613 |  2058 |  1769 |  2363 ||  9671

Table legend: (Time is in decaauts)
 A = Elapsed time spent in this place.
 B = Non-inter-level travel time spent in this place.
 C = Inter-level travel time spent in this place.
 D = Time resting spent in this place.
 E = Time spent auto-exploring this place.
 F = Levels seen in this place.
 G = Mean time per level.
                   A        B        C        D        E       F      G
               +--------+--------+--------+--------+--------+-----+--------+
         Total |  59540 |  55585 |   3955 |  12063 |  27606 |  69 |  862.9 |
       Dungeon |  14007 |  12169 |   1838 |   1254 |   7856 |  15 |  933.8 |
          Lair |   5562 |   5104 |    458 |    218 |   3617 |   6 |  927.0 |
         Swamp |   3817 |   3653 |    164 |   1205 |   1478 |   4 |  954.2 |
     Snake Pit |   5553 |   5378 |    175 |   1421 |   2834 |   4 | 1388.2 |
  Orcish Mines |   1300 |   1274 |     26 |    204 |    796 |   2 |  650.0 |
        Vaults |   8921 |   8288 |    633 |   1381 |   4523 |   5 | 1784.2 |
        Depths |   6196 |   5698 |    498 |   1052 |   3030 |   4 | 1549.0 |
           Zot |  10357 |  10197 |    160 |   4405 |   2810 |   5 | 2071.4 |
         Abyss |   1346 |   1346 |      0 |     88 |    275 |   5 |  269.2 |
      Ziggurat |    551 |    551 |      0 |    248 |     46 |   7 |   78.7 |
        Bazaar |     74 |     74 |      0 |      0 |     43 |   1 |   74.0 |
         Sewer |    333 |    333 |      0 |      0 |    192 |   1 |  333.0 |
        Bailey |   1344 |   1344 |      0 |    524 |    102 |   1 | 1344.0 |
         Arena |    174 |    174 |      0 |     61 |      0 |   9 |   19.3 |
               +--------+--------+--------+--------+--------+-----+--------+

Top non-repeatable levels by time:
   Zot:3: 3115 daAuts
   Zot:1: 2483 daAuts
Vaults:5: 2433 daAuts
   Zot:5: 2376 daAuts
 Snake:4: 1929 daAuts
Depths:1: 1817 daAuts
Vaults:1: 1812 daAuts
 Snake:3: 1810 daAuts
Vaults:3: 1780 daAuts
Depths:3: 1678 daAuts
     D:7: 1621 daAuts
Vaults:2: 1610 daAuts
     D:8: 1564 daAuts
Depths:4: 1466 daAuts
 Swamp:3: 1425 daAuts
